 Dungeon Crawl Stone Soup version 0.29.1-12-g30fa7ad0bf (webtiles) character file.

Game seed: 17046699324924974668

142 nightchill the Chopper (level 5, -4/47 HPs)
             Began as a Hill Orc Fighter on Jan 7, 2023.
             Killed by nerve-wracking pain
             ... invoked by Grinder
              (13 damage)
             ... on level 3 of the Dungeon.
             The game lasted 00:03:06 (1960 turns).

nightchill the Chopper (Hill Orc Fighter)           Turns: 1960, Time: 00:03:06

Health: -4/47      AC:  6    Str: 21    XL:     5   Next: 25%
Magic:  5/5        EV:  9    Int:  8    God:
Gold:   68         SH:  4    Dex: 10    Spells: 4/4 levels left

rFire   . . .      SeeInvis .   a - +0 war axe
rCold   . . .      Faith    .   c - +0 buckler
rNeg    . . .      Spirit   .   b - +0 scale mail
rPois   .          Reflect  .   (no helmet)
rElec   .          Harm     .   (no cloak)
rCorr   .          Rampage  .   (no gloves)
Will    .....                   (no boots)
Stlth   ..........              (no amulet)
HPRegen 0.15/turn               (no ring)
MPRegen 0.09/turn               (no ring)

@: mighty
A: no striking features
a: no special abilities


You were on level 3 of the Dungeon.
You visited 1 branch of the dungeon, and saw 3 of its levels.

You collected 68 gold pieces.

Inventory:

Hand Weapons
 a - a +0 war axe (weapon)
Armour
 b - a +0 scale mail (worn)
 c - a +0 buckler (worn)
Scrolls
 e - a scroll of fear {unknown}
 f - a scroll of identify
 k - a scroll of teleportation
 n - a scroll of immolation {unknown}
 o - a scroll of magic mapping
 p - a scroll of poison {unknown}
 q - a scroll of enchant weapon {unknown}
 r - a scroll of amnesia {unknown}
 s - a scroll of fog {unknown}
Potions
 g - 2 potions of flight
 h - a potion of haste
 i - a potion of degeneration {unknown}
 j - 7 potions of curing
 l - 2 potions of ambrosia
 m - 2 potions of cancellation


   Skills:
 + Level 4.9 Fighting
 * Level 5.9 Axes
 - Level 3.2 Armour
 - Level 3.2 Shields


You had 4 spell levels left.
You didn't know any spells.
Your spell library contained the following spells:

 Spells                   Type           Power      Damage    Failure   Level
 Shock                    Conj/Air       0%         1d3       83%         1
 Static Discharge         Conj/Air       0%         3-3/arc   93%         2
 Swiftness                Air            0%         N/A       99%         3
 Airstrike                Air            0%         2d(0-16)  100%        4
 Dispel Undead            Necr           0%         3d6       100%        4
 Sticky Flame             Conj/Fire      0%         2d3       100%        4


Dungeon Overview and Level Annotations

Branches:
Dungeon (3/15)

Altars:

Annotations:
D:3 Grinder


Message History

You hit Grinder.
Grinder is lightly wounded.
Grinder barely misses you.
You slice Grinder!!
Grinder is heavily wounded.
Grinder gestures at you.
You suddenly lose the ability to move!
Grinder gestures at you. Pain shoots through your body!
Grinder drinks a potion.
Grinder is healed!
Grinder hits you. Grinder hits you.
You writhe in agony.
* * * LOW HITPOINT WARNING * * *
You can move again.
You barely miss Grinder. Grinder closely misses you.
Grinder hits you but does no damage.
You barely miss Grinder. Grinder closely misses you.
You slice Grinder!!
Grinder is heavily wounded.
Grinder hits you.
* * * LOW HITPOINT WARNING * * *
You writhe in agony.
* * * LOW HITPOINT WARNING * * *
You closely miss Grinder.
Grinder is heavily wounded.
Grinder closely misses you.
You slash Grinder!
Grinder is severely wounded.
Grinder hits you!
* * * LOW HITPOINT WARNING * * *
You closely miss Grinder.
Grinder is severely wounded.
Grinder hits you.
* * * LOW HITPOINT WARNING * * *
Grinder closely misses you.
You hit Grinder.
Grinder is almost dead.
Grinder gestures at you. Pain shoots through your body!
You die...

####****
########..,,,,*######
#........#***,,.....####
#........#######.......#
#.=......##....#.##.##.#
#.........#.##.#.#<..#.#
#........†.....#.#.#.#.#
#.......................
##+##$>@..#......#####.#
*,*##.5##########.....#
**,**##..>,*****#.......
*,,,* ####,,,,,,+.......
*,,,**********,,#.......
*,,,,,,,,,,,,,,,#.......
*,,,,,,,,,,****,#.......
**,,,,,,,,,* *....$..##
*,,,,,***** *##.####*


You could see Grinder.

Vanquished Creatures
  An orc priest (D:3)
  5 adders
  A worm (D:2)
  3 dart slugs
  4 orcs (D:3)
  4 bats
  3 endoplasms (D:1)
  4 giant cockroaches
  3 goblins
  5 hobgoblins
  5 jackals
  4 quokkas
  3 ball pythons
  4 frilled lizards
  A kobold (D:2)
  3 rats
53 creatures vanquished.

Notes
Turn   | Place    | Note
-------+----------+-------------------------------------------
     0 | D:1      | nightchill the Hill Orc Fighter began the quest for the
                  | Orb.
     0 | D:1      | Reached XP level 1. HP: 19/19 MP: 1/1
   107 | D:1      | Reached skill level 3 in Axes
   225 | D:1      | Found a faded altar of an unknown god.
   282 | D:1      | Reached XP level 2. HP: 27/27 MP: 2/2
   720 | D:1      | Reached skill level 4 in Axes
   721 | D:1      | Reached XP level 3. HP: 32/33 MP: 3/3
  1291 | D:2      | Reached XP level 4. HP: 39/41 MP: 4/4
  1385 | D:2      | Reached skill level 5 in Axes
  1724 | D:3      | Reached XP level 5. HP: 27/47 MP: 5/5
  1941 | D:3      | Noticed Grinder
  1949 | D:3      | Paralysed by Grinder for 5 turns
  1960 | D:3      | Killed from afar by Grinder

Illustrated notes

Levels and vault maps discovered:
D:1:      dpeg_arrival_long_road, layout_loops_ring,
          shapermc_ecumenical_altar_ellora
D:2:      layout_loops_ring, kennysheep_generic_room_14
D:3:      layout_basic, uniq_grinder, uniq_sigmund

Skill      XL: |  1  2  3  4 |
---------------+-------------+-----
Axes           | 3 4 5 |  5.9
Fighting       | 4 |  4.9
Armour         | |  3.2
Shields        | |  3.2

Action                   |  1- 3 |  4- 6 || total
-------------------------+-------+-------++-------
Melee: War axe           |    99 |    63 ||   162
  Use: Scroll            |       |     7 ||     7
       Potion            |       |     1 ||     1
Armor: Scale mail        |    56 |    23 ||    79
Dodge: Dodged            |    63 |    33 ||    96
Block: Buckler           |    22 |    14 ||    36
